 Dungeon Crawl Stone Soup version 0.19-a0-1468-ge013c26 (webtiles) character file.

66906 rlgrobin the Martial Artist (level 14, -5/121 HPs)
             Began as a Mottled Draconian Artificer on Sept 7, 2016.
             Was a Believer of Uskayaw.
             Slain by a vampire mosquito (9 damage)
             ... while paralysed by an ogre mage
             ... on level 15 of the Dungeon.
             The game lasted 01:04:32 (24452 turns).

rlgrobin the Martial Artist (DrAr)                 Turns: 24452, Time: 01:04:33

Health: -5/121     AC: 20    Str: 20    XL:     14   Next: 81%
Magic:  15/20      EV:  2    Int: 12    God:    Uskayaw [**....]
Gold:   1907       SH:  0    Dex: 17    Spells: 1 memorised, 11 levels left

rFire  + . .     SeeInvis +       - Unarmed
rCold  . . .     Gourm    .     (armour unavailable)
rNeg   . . .     Faith    .     (no shield)
rPois  .         Spirit   .     (helmet restricted)
rElec  .         Dismiss  .     B - +2 cloak
rCorr  .         Reflect  .     Q - +2 pair of gloves
MR     ++...     Harm     .     N - +0 pair of boots of Pari {rF+ Str+6 SInv Stlth-}
Stlth  +++.......               s - amulet of regeneration
                                H - ring of protection from magic
                                y - +5 ring of protection

@: paralysed
A: breathe sticky flame splash, unfitting armour, cold-blooded, AC +8
a: Breathe Sticky Flame, Stomp, Line Pass, Renounce Religion


You were on level 15 of the Dungeon.
You worshipped Uskayaw.
Uskayaw was aware of your devotion.
You were not hungry.

You visited 3 branches of the dungeon, and saw 22 of its levels.
You also visited: Ice Cave.

You collected 2357 gold pieces.
You spent 450 gold pieces at shops.

Inventory:

Hand Weapons
 e - the +9 staff of Olgreb {rPois}
   (You found it on level 9 of the Dungeon)

   It protects you from poison.
Armour
 B - a +2 cloak (worn)
 N - the +0 pair of boots of Pari (worn) {rF+ Str+6 SInv Stlth-}
   (You acquired it on level 6 of the Lair of Beasts)

   It affects your strength (+6).
   It protects you from fire.
   It lets you see invisible.
   It makes you less stealthy.
 Q - a +2 pair of gloves (worn)
Jewellery
 d - an uncursed ring of positive energy
 g - an uncursed ring of protection from fire
 s - an amulet of regeneration (around neck)
 u - an uncursed amulet of harm
 y - a +5 ring of protection (left hand)
 H - a ring of protection from magic (right hand)
 L - a +2 ring of evasion
 S - an uncursed ring of flight {unknown}
 V - an uncursed ring of magical power {unknown}
 W - a cursed amulet of inaccuracy {unknown}
Wands
 c - a wand of enslavement (13/24)
 C - a wand of paralysis (8/24)
 G - a wand of digging (3/24)
 I - a wand of polymorph (14/24)
 M - a wand of paralysis (4/24)
 O - a wand of paralysis (15/24)
 U - a wand of polymorph (7/24)
Scrolls
 a - 5 scrolls of teleportation
 h - a scroll of holy word
 i - 2 scrolls of fear
 k - a scroll of torment
 m - 4 scrolls of enchant armour
 o - 2 scrolls of magic mapping
 p - 3 scrolls of blinking
 x - 2 scrolls of recharging
 z - 8 scrolls of fog
 A - 11 scrolls of remove curse
 J - a scroll of summoning
 X - a scroll of identify
Potions
 b - 2 potions of magic
 j - 2 potions of haste
 l - 2 potions of agility
 q - a potion of might
 r - 4 potions of brilliance
 t - 8 potions of curing
 v - 3 potions of cure mutation
 w - 7 potions of flight
 F - 5 potions of heal wounds
 K - 3 potions of lignification
 R - a potion of ambrosia
Books
 E - a book of Death

   Spells                             Type                      Level
   a - Corpse Rot                     Necromancy                   2
   b - Sublimation of Blood           Necromancy                   2
   c - Agony                          Necromancy                   5
   d - Dispel Undead                  Necromancy                   5
   e - Excruciating Wounds            Charms/Necromancy            5
   f - Bolt of Draining               Conjuration/Necromancy       5
 T - a book of the Earth

   Spells                             Type                      Level
   a - Leda's Liquefaction            Hexes/Earth                  4
   b - Bolt of Magma                  Conjuration/Fire/Earth       5
   c - Statue Form                    Transmutation/Earth          6
   d - Iron Shot                      Conjuration/Earth            6
   e - Shatter                        Earth                        9
Miscellaneous
 Z - a box of beasts
Comestibles
 f - 5 bread rations
 n - 10 meat rations
 D - 2 beef jerkies
 P - 35 fruits


   Skills:
 - Level 10.1 Fighting
   Level 1.0 Short Blades
 - Level 9.3 Dodging
 - Level 9.0 Stealth
 + Level 14.5 Unarmed Combat
 - Level 7.5 Charms
 - Level 8.4 Air Magic
 - Level 8.7 Invocations
 - Level 6.8 Evocations


You had 11 spell levels left.
You knew the following spells:

 Your Spells              Type           Power        Failure   Level  Hunger
v - Repel Missiles        Chrm/Air       ###...       1%          2    ###....


Dungeon Overview and Level Annotations

Branches:
Dungeon (15/15)            Temple (1/1) D:4            Lair (6/6) D:10
  Swamp (0/4) Lair:2        Snake (0/4) Lair:3        Slime (0/5) Lair:6
    Orc (0/2) D:11         Vaults (0/5) D:13
 Depths: D:15

Altars:
Ashenzari
Cheibriados
Dithmenos
Elyvilon
Fedhas
Gozag
Hepliaklqana
Kikubaaqudgha
Makhleb
Nemelex Xobeh
Okawaru
Qazlal
Ru
Sif Muna
Trog
Uskayaw
Vehumet
Xom
Yredelemnul
Zin
The Shining One

Shops:
D:4 *   D:6 *   D:9 *   D:13 }

Annotations:
D:2 Sigmund
D:9 1 runed door
Lair:6 2 exclusions


Innate Abilities, Weirdness & Mutations

You can spit globs of burning liquid.
You can ignite nearby creatures when you spit burning liquid.
Your weird mottled scales are hard. (AC +8)
Your body does not fit into most forms of armour.
You are cold-blooded and may be slowed by cold attacks.


Message History

You suddenly lose the ability to move!
The ogre hits you with a giant club.
The vampire mosquito bites you but does no damage.
The hill giant hits you with a giant spiked club.
The ogre hits you but does no damage.
The ogre mage gestures at the ogre while chanting.
The ogre seems to speed up.
The ogre hits you with a giant spiked club!
The vampire mosquito bites you!
The vampire mosquito draws strength from your injuries!
The two-headed ogre hits you with a giant club!
The two-headed ogre hits you but does no damage.
The ogre mage hits you but does no damage.
The ogre hits you with a giant club. The vampire mosquito bites you.
The vampire mosquito draws strength from your injuries!
The ogre hits you with a giant club!!
* * * LOW HITPOINT WARNING * * *
The ogre hits you with a giant spiked club!!
* * * LOW HITPOINT WARNING * * *
The vampire mosquito bites you!
You die...

.......#.#####
#.#.#.....#
#...<..##.#
#.#####..##
#.........#
.######.#.#
..######...#
.....COO!..#
.....ly@O..#
......OOC).....
............###
............#
............#
#...........#
#...........#
............#


You could see a hill giant, an ogre mage, a cyclops, a komodo dragon, a
two-headed ogre, a vampire mosquito and 3 ogres.

Vanquished Creatures
  Kirke (Lair:6)
  Nessos (Lair:5)
  A vault guard (D:13)
  An ice dragon (Lair:6)
  Harold (Lair:1)
  A death knight (D:14)
  5 hydras
  A centaur warrior (D:13)
  3 death yaks (Lair:6)
  A skeletal warrior (D:13)
  2 unseen horrors
  2 lindwurms (Lair:6)
  8 hill giants
  Pikel (D:8)
  A necromancer (IceCv)
  A griffon (Lair:6)
  2 deep elf magi (D:14)
  6 ugly things
  A hornet (D:13)
  2 ice statues (IceCv)
  7 torpor snails (Lair:6)
  3 black mambas
  9 elephants
  Psyche (D:11)
  8 spiny frogs
  2 centaur skeletons (D:12)
  A gargoyle (D:10)
  A yaktaur (D:13)
  3 rime drakes
  5 komodo dragons
  4 ice devils
  An efreet (D:13)
  8 trolls
  A tengu conjurer (D:13)
  A polar bear (Lair:6)
  4 giant leeches (Lair:6)
  2 dream sheep (Lair:6)
  8 blink frogs
  2 orc warriors
  2 vampires
  A tarantella (shapeshifter) (D:15)
  2 shadows (D:13)
  A wraith (D:9)
  51 yaks
  3 hogs (Lair:6)
  A human (Lair:6)
  6 basilisks
  9 hippogriffs
  4 vampire mosquitoes (D:14)
  2 mottled dragons (D:13)
  6 soldier ants (D:9)
  6 porcupines
  20 water moccasins
  3 sky beasts
  A slave (D:8)
  5 ogres
  An eye of draining (D:10)
  2 phantoms
  A black bear (shapeshifter) (D:13)
  4 ice beasts
  4 necrophages
  10 wasps
  15 centaurs
  11 wolves
  9 crocodiles
  4 big kobolds
  19 giant frogs
  7 scorpions
  A water moccasin skeleton (D:7)
  A wyvern skeleton (D:10)
  27 killer bees
  6 wights
  A howler monkey (D:3)
  6 crimson imps
  A giant frog zombie (D:10)
  A centaur zombie (D:7)
  A quasit (D:9)
  2 giant frog skeletons
  5 jellies
  6 hounds
  11 orc wizards
  9 orc priests
  10 iguanas
  2 hell rats (Lair:2)
  17 worker ants
  A spriggan simulacrum (IceCv)
  A killer bee zombie (D:7)
  A worker ant zombie (D:5)
  A howler monkey skeleton (D:4)
  7 adders
  7 gnolls (D:7)
  36 river rats
  2 shadow imps
  An adder zombie (D:8)
  An adder skeleton (D:6)
  3 worms
  3 dart slugs
  5 giant geckos
  35 orcs
  3 ball pythons
  2 bats (D:2)
  2 giant cockroaches
  14 jackals
  11 kobolds
  6 quokkas
  A giant cockroach zombie (D:5)
  A giant gecko skeleton (D:5)
  7 giant newts
  12 goblins
  7 rats
  A fungus (Lair:3)
  A plant (Lair:6)
602 creatures vanquished.

Vanquished Creatures (collateral kills)
  Rupert (D:14)
  3 orc wizards (D:7)
  An orc (D:7)
5 creatures vanquished.

Vanquished Creatures (others)
  A hound (D:8)
  2 orc wizards (D:8)
  An adder (D:2)
  2 orcs (D:8)
  A quokka (D:12)
  17 fungi (Lair:6)
  16 plants
40 creatures vanquished.

Grand Total: 647 creatures vanquished

Notes
Turn   | Place    | Note
-------+----------+-------------------------------------------
     0 | D:1      | rlgrobin the Draconian Artificer began the quest for the Orb.
     0 | D:1      | Reached XP level 1. HP: 16/16 MP: 3/3
   197 | D:1      | Reached skill level 1 in Unarmed Combat
   620 | D:1      | Reached XP level 2. HP: 23/23 MP: 4/4
   660 | D:2      | Reached skill level 2 in Unarmed Combat
   772 | D:2      | Noticed Terence
   777 | D:2      | Noticed Terence
   777 | D:2      | Terence changed into Terence the giant cockroach
   787 | D:2      | Killed Terence the giant cockroach
   828 | D:2      | Noticed Sigmund
   990 | D:2      | Found a shimmering altar of Xom.
  1040 | D:2      | Reached XP level 3. HP: 22/28 MP: 5/5
  1071 | D:2      | Reached skill level 3 in Unarmed Combat
  1337 | D:2      | Found an iron altar of Okawaru.
  1929 | D:3      | Reached skill level 4 in Unarmed Combat
  1929 | D:3      | Reached XP level 4. HP: 23/35 MP: 6/6
  2346 | D:4      | Reached XP level 5. HP: 34/40 MP: 7/7
  2392 | D:4      | Reached skill level 5 in Unarmed Combat
  2536 | D:4      | Noticed an ogre
  2967 | D:4      | Reached skill level 6 in Unarmed Combat
  2967 | D:4      | Reached XP level 6. HP: 36/47 MP: 8/8
  3550 | D:4      | Found Abluaraz's General Store.
  3553 | D:4      | Bought 2 potions of curing for 66 gold pieces
  3553 | D:4      | Bought a scroll of teleportation for 33 gold pieces
  3554 | D:4      | Found a staircase to the Ecumenical Temple.
  3562 | Temple   | Entered the Ecumenical Temple
  3612 | Temple   | Became a worshipper of Uskayaw the Reveler
  3732 | D:4      | Noticed a water elemental
  3733 | D:4      | Found a stormy altar of Qazlal.
  3740 | D:4      | Noticed an air elemental
  3749 | D:4      | Noticed a fire elemental
  3756 | D:4      | Reached * piety under Uskayaw
  3758 | D:4      | Reached ** piety under Uskayaw
  3835 | D:4      | Your scales start taking on a weird mottled colour.
  3835 | D:4      | Reached XP level 7. HP: 56/56 MP: 9/9
  3840 | D:4      | Reached *** piety under Uskayaw
  3842 | D:4      | Reached **** piety under Uskayaw
  3888 | D:5      | Entered Level 5 of the Dungeon
  4846 | D:6      | Reached skill level 5 in Fighting
  4846 | D:6      | Reached XP level 8. HP: 31/67 MP: 10/10
  5164 | D:6      | Reached skill level 5 in Dodging
  5369 | D:6      | Found Gofeng's Assorted Antiques.
  5378 | D:6      | Bought a bone wand for 76 gold pieces
  5864 | D:6      | HP: 3/69 [acid (7)]
  6539 | D:7      | Reached skill level 7 in Unarmed Combat
  6951 | D:7      | Reached skill level 8 in Unarmed Combat
  6989 | D:7      | Reached XP level 9. HP: 68/77 MP: 11/11
  7220 | D:7      | Upgraded the game from 0.19-a0-1457-g32fba05 to 0.19-a0-1468-ge013c26
  7290 | D:8      | Learned a level 2 spell: Repel Missiles
  7294 | D:8      | Noticed Pikel
  7337 | D:8      | Killed Pikel
  7337 | D:8      | Reached skill level 9 in Unarmed Combat
  7406 | D:8      | Reached skill level 10 in Unarmed Combat
  7934 | D:8      | Found a hazy altar of Hepliaklqana.
  7934 | D:8      | Found a glowing golden altar of the Shining One.
  7935 | D:8      | Found a radiant altar of Vehumet.
  8292 | D:8      | Found a bloodstained altar of Trog.
  8669 | D:9      | Found a deep blue altar of Sif Muna.
  8677 | D:9      | Reached skill level 11 in Unarmed Combat
  8744 | D:9      | Reached skill level 1 in Invocations
  9108 | D:9      | Reached XP level 10. HP: 55/84 MP: 12/12
  9275 | D:9      | Found a runed gate.
  9276 | D:9      | Found a runed door.
  9287 | D:9      | Found a runed gate.
  9287 | D:9      | Found a runed gate.
  9298 | D:9      | Found a runed door.
  9351 | D:9      | Reached ***** piety under Uskayaw
  9359 | D:9      | Reached ****** piety under Uskayaw
 10098 | D:9      | Found Zulef's Assorted Antiques.
 10107 | D:9      | Reached skill level 5 in Invocations
 10112 | D:9      | Bought a scroll labeled GUAVVI IDGHU for 25 gold pieces
 10112 | D:9      | Bought a scroll labeled ABIFOD ASTA for 25 gold pieces
 10189 | D:9      | Bought 2 scrolls of identify for 100 gold pieces
 10189 | D:9      | Bought a garnet ring for 125 gold pieces
 10208 | D:10     | Entered Level 10 of the Dungeon
 10563 | D:10     | Found a staircase to the Lair.
 10728 | D:10     | Noticed a gargoyle
 10734 | D:10     | Killed a gargoyle
 10897 | D:10     | Noticed a hill giant
 10913 | D:10     | Killed a hill giant
 10913 | D:10     | Reached XP level 11. HP: 47/95 MP: 3/15
 11688 | Lair:1   | Entered Level 1 of the Lair of Beasts
 11832 | Lair:1   | Noticed Harold
 11865 | Lair:1   | Killed Harold
 12092 | Lair:1   | Reached skill level 5 in Evocations
 12184 | Lair:1   | Noticed a six-headed hydra
 12195 | Lair:1   | Killed a six-headed hydra
 12918 | Lair:2   | Found a frozen archway.
 13091 | IceCv    | Entered an ice cave
 13711 | IceCv    | that is a lot of devils
 13746 | IceCv    | Noticed a necromancer
 13751 | IceCv    | Killed a necromancer
 13751 | IceCv    | Reached skill level 10 in Fighting
 14140 | Lair:2   | Found a staircase to the Swamp.
 14250 | Lair:2   | Reached skill level 1 in Charms
 14250 | Lair:2   | Reached skill level 1 in Air Magic
 14264 | Lair:2   | Reached XP level 12. HP: 69/106 MP: 16/18
 15133 | Lair:3   | Found a staircase to the Snake Pit.
 15183 | Lair:3   | Noticed a six-headed hydra
 15202 | Lair:3   | Killed a six-headed hydra
 15516 | Lair:3   | Identified a scroll of acquirement
 16899 | Lair:5   | Reached skill level 5 in Air Magic
 16904 | Lair:5   | Reached skill level 5 in Charms
 17279 | Lair:5   | Noticed Nessos
 17290 | Lair:5   | Killed Nessos
 17509 | Lair:6   | Entered Level 6 of the Lair of Beasts
 17772 | Lair:6   | Reached XP level 13. HP: 51/113 MP: 7/19
 18024 | Lair:6   | Found a runed door.
 18954 | Lair:6   | Got a pair of pitted boots
 18960 | Lair:6   | Identified the +0 pair of boots of Pari {rF+ Str+6 SInv Stlth-} (You acquired it on level 6 of the Lair of Beasts)
 18960 | Lair:6   | yeah ok
 18994 | Lair:6   | still wearing amulet of harm
 18994 | Lair:6   | from d:6 on
 19155 | Lair:6   | Reached skill level 1 in Stealth
 19480 | Lair:6   | Found a staircase to the Slime Pits.
 19486 | Lair:6   | Noticed Kirke
 19500 | Lair:6   | Killed Kirke
 19500 | Lair:6   | Reached skill level 5 in Stealth
 20834 | D:10     | needs more harm
 20835 | D:11     | Found a staircase to the Orcish Mines.
 20850 | D:11     | Reached XP level 14. HP: 99/121 MP: 20/20
 20929 | D:11     | Noticed Psyche
 20936 | D:11     | Killed Psyche
 22026 | D:12     | Reached skill level 12 in Unarmed Combat
 22072 | D:12     | Found a white marble altar of Elyvilon.
 22874 | D:13     | Reached skill level 13 in Unarmed Combat
 22991 | D:13     | Found a gate to the Vaults.
 23032 | D:13     | Found a shattered altar of Ashenzari.
 23121 | D:13     | Found Qihain's Gadget Boutique.
 23550 | D:14     | Paralysed by a wasp for 2 turns
 23908 | D:14     | Reached skill level 14 in Unarmed Combat
 24135 | D:14     | Noticed Rupert
 24142 | D:14     | Killed Rupert
 24283 | D:15     | Entered Level 15 of the Dungeon
 24450 | D:15     | Paralysed by an ogre mage for 6 turns
 24451 | D:15     | HP: 3/121 [ogre/giant spiked club (20)]
 24452 | D:15     | Slain by a vampire mosquito

Vault maps used:
D:1:      minmay_arrival_four_loops
D:2:      marbit_many_paths, nicolae_overflow_crystal_walls,
          nicolae_overflow_hidden_temple, serial_forest,
          infiniplex_forest_straight_5, infiniplex_forest_zigzag_2,
          infiniplex_forest_clump_diagonal, infiniplex_forest_lined_2,
          infiniplex_forest_zigzag_1, infiniplex_forest_clump_large,
          uniq_sigmund, uniq_terence
D:3:      first_bread
D:4:      kennysheep_six_static_rooms, serial_shops, kennysheep_mini,
          nicolae_qazlal_style_of_elements
D:5:      grunt_ministairs_6
D:6:      serial_shops, nicolae_shop_stone
D:8:      gammafunk_temple_overflow_forgotten, kennysheep_little_box, uniq_pikel
D:9:      old_standard_altar, serial_shops, shop, blue_anna_alchemist,
          minmay_guarded_unrand_staff_of_olgreb
D:10:     david_lair_shrubbed, hangedman_abyss_or_decor_stabs
D:11:     orc_0_dummy, minmay_misc_feat_room, uniq_psyche
D:12:     elyvilon_altar_4
D:13:     david_vaults_5, serial_shops, shop, basic_altar
D:14:     uniq_rupert
D:15:     grunt_enter_depths_snipers, serial_corexii_hall,
          corexii_hall_statues_x, corexii_hall_statues_u
Temple:   dshaligram_water_room_temple
Lair:1:   infiniplex_staircase_pool, uniq_harold
Lair:2:   kennysheep_rathole, swamp_mist, portal_ice_cave_demonic_guard,
          lemuel_old_faithful
Lair:3:   dummy_snake_entry, grunt_megastairs_2, lemuel_fruit_tree
Lair:4:   st_stairs_9
Lair:5:   uniq_nessos
Lair:6:   hangedman_lair_in_review, wormcave, slime_dummy, uniq_kirke
IceCv:    ice_cave_tombish

Skill      XL: |  1  2  3  4  5  6  7  8  9 10 11 12 13 14 |
---------------+-------------------------------------------+-----
Unarmed Combat | 1 2 4 6 8 11 14 | 14.5
Dodging        | 2 4 5 6 7 8 9 |  9.3
Fighting       | 2 5 6 8 10 | 10.1
Invocations    | 2 5 8 |  8.7
Evocations     | 6 |  6.8
Charms         | 1 7 |  7.5
Air Magic      | 2 7 8 |  8.4
Stealth        | 8 9 |  9.0
Short Blades   | |  1.0

Action                   |  1- 3 |  4- 6 |  7- 9 | 10-12 | 13-15 || total
-------------------------+-------+-------+-------+-------+-------++-------
Melee: Short sword       |    80 |       |       |       |       ||    80
       Tailslap          |    10 |    15 |    66 |    97 |   132 ||   320
       Unarmed           |    18 |    97 |   427 |   617 |   692 ||  1851
       Punch             |       |       |    10 |    37 |    52 ||    99
Throw: Tomahawk          |     3 |    12 |     4 |     7 |     3 ||    29
 Cast: Repel Missiles    |       |       |       |     1 |     1 ||     2
Invok: Stomp             |       |       |     4 |    34 |    40 ||    78
       Line Pass         |       |       |       |     2 |     8 ||    10
 Abil: Breathe Sticky Fl |       |       |    14 |    37 |    49 ||   100
Evoke: Wand              |     3 |     3 |     3 |    10 |    16 ||    35
       Staff of Olgreb   |       |       |       |    17 |    26 ||    43
  Use: Scroll            |     7 |       |    11 |    17 |     8 ||    43
       Potion            |       |       |     1 |     2 |     1 ||     4
 Stab: Sleeping          |     6 |     4 |    12 |     6 |     9 ||    37
       Paralysed         |       |       |     6 |    44 |    50 ||   100
       Distracted        |       |       |     1 |     1 |     2 ||     4
       Confused          |       |       |       |     1 |     2 ||     3
  Eat: Chunk             |     3 |     2 |    11 |    23 |    23 ||    62
       Bread ration      |       |     1 |     1 |     1 |     1 ||     4
       Pizza             |       |       |     3 |     3 |     1 ||     7
       Meat ration       |       |       |       |     1 |     1 ||     2
       Beef jerky        |       |       |       |     3 |     5 ||     8
Armor: Skin              |    34 |    31 |    97 |   158 |   255 ||   575
Dodge: Dodged            |    66 |    34 |   331 |   625 |   776 ||  1832
       Deflected         |       |       |       |       |     7 ||     7
